 Dungeon Crawl Stone Soup version 0.29-a0-653-gd47aff6735 (webtiles) character file.

Game seed: 7913199506032625283

145 DocClef the Caller (level 5, -6/28 HPs)
             Began as a Tengu Summoner on June 21, 2022.
             Killed by nerve-wracking pain
             ... invoked by an orc priest
              (10 damage)
             ... on level 3 of the Dungeon.
             The game lasted 00:03:51 (2757 turns).

DocClef the Caller (Tengu Summoner)                 Turns: 2757, Time: 00:03:52

Health: -6/28      AC:  2    Str: 12    XL:     5   Next: 27%
Magic:  9/9        EV: 18    Int: 17    God:
Gold:   69         SH:  0    Dex: 13    Spells: 5/8 levels left

rFire   + . .      SeeInvis .   d - +0 dagger (venom)
rCold   . . .      Faith    .   (no shield)
rNeg    . . .      Spirit   .   a - +0 robe
rPois   .          Reflect  .   (helmet restricted)
rElec   .          Harm     .   (no cloak)
rCorr   .          Rampage  .   (no gloves)
Will    .....                   (boots unavailable)
Stlth   +.........              (no amulet)
HPRegen 0.09/turn               i - +4 ring of evasion
MPRegen 0.11/turn               (no ring)

@: confused, flying quickly and evasively, quick
A: beak, talons 3, nimble flight, fire resistance 1, strong 1
a: no special abilities


You were on level 3 of the Dungeon.
You visited 1 branch of the dungeon, and saw 3 of its levels.

You collected 69 gold pieces.

Inventory:

Hand Weapons
 c - a +0 dagger
 d - a +0 dagger of venom (weapon)
Missiles
 j - 2 throwing nets
Armour
 a - a +0 robe (worn)
Jewellery
 i - a +4 ring of evasion (left hand)
Wands
 k - a wand of iceblast (14)
Scrolls
 e - a scroll of teleportation {unknown}
 f - a scroll of magic mapping {unknown}
 g - a scroll of poison {unknown}
 h - a scroll of vulnerability {unknown}
Potions
 b - a potion of magic
 l - a potion of berserk rage
 m - 2 potions of curing {unknown}


   Skills:
 - Level 2.1 Dodging
 - Level 2.0 Stealth
 - Level 2.0 Spellcasting
 + Level 7.7 Summonings


You had 5 spell levels left.
You knew the following spells:

 Your Spells              Type           Power      Damage    Failure   Level
a - Summon Small Mammal   Summ           100%       N/A       1%          1
b - Call Imp              Summ           28%        N/A       1%          2

Your spell library contained the following spells:

 Spells                   Type           Power      Damage    Failure   Level
 Call Canine Familiar     Summ           28%        N/A       2%          3
 Summon Guardian Golem    Hex/Summ       14%        N/A       12%         3
 Summon Lightning Spire   Summ/Air       14%        N/A       36%         4
 Gell's Gravitas          Tloc           1%         N/A       50%         3
 Teleport Other           Tloc           1%         N/A       50%         3
 Dispersal                Tloc           0%         N/A       100%        6
 Storm Form               Tmut/Air       0%         N/A       100%        7
 Maxwell's Capacitive Co  Air            0%         ∞         100%        8


Dungeon Overview and Level Annotations

Branches:
Dungeon (3/15)

Altars:
Kikubaaqudgha


Innate Abilities, Weirdness & Mutations

You have a beak for a mouth.
You have claws for feet.
Your magical nature lets you fly swiftly and evasively.
Your flesh is heat resistant. (rF+)
Your muscles are strong. (Str +4, Int/Dex-1)


Message History

You are too confused!
Unknown command.
You're too confused to cast spells.
You are too confused!
You miss the orc. Your punch misses the orc.
The orc wizard points at you and mumbles some strange words.
You are more confused.
You hit the orc.
The orc is poisoned.
Your peck misses the orc.
The orc is lightly wounded.
The orc wizard hits you with a +0 dagger.
The orc completely misses you.
Unknown command.
You barely miss the orc. You claw the orc. Your peck misses the orc.
The orc is almost dead.
You kill the orc!
The orc priest mumbles some strange prayers to Beogh against you.
Pain shoots through your body!
You hit the orc. You claw the orc. Your peck misses the orc.
The orc is almost dead.
The orc hits you but does no damage.
The orc wizard casts a spell.
The orc wizard flickers and vanishes!
Deactivating autopickup; reactivate with Ctrl-A.
You bump into the rock wall.
The orc barely misses you.
You bump into the rock wall.
The orc barely misses you. The orc priest misses you.
You bump into the rock wall.
The orc priest hits you with a +0 dagger.
You hit the orc priest.
The orc priest looks even sicker.
Your kick misses the orc priest.
The orc priest is almost dead.
The orc priest calls down the wrath of Beogh upon you.
Beogh smites you!
Ouch! That really hurt!
* * * LOW HITPOINT WARNING * * *
You bump into the rock wall.
Something hits you.
* * * LOW HITPOINT WARNING * * *
The orc priest mumbles some strange prayers to Beogh against you.
Pain shoots through your body!
You die...

.#...#.#########
.....).....[..>#######
##.#.#..#####.........
...#.#..## #.........
.###.#...# #...!...?.
.# #.#.#.# #....$....
.# #.#.#.## #........$
.###.#.#..# #)####
.....#.##.####o.@.#
.....#.##.#....o###
####.#.##....†..####
.....#.............#
##########..†......#
#.........#
##.##..#### #.##..#
#..#..#


You could see an orc priest (very poisoned) and an orc.

Vanquished Creatures
  Robin (D:2)
  3 gnolls (D:2)
  2 adders (D:2)
  4 dart slugs
  An orc (D:3)
  4 ball pythons (D:2)
  3 endoplasms
  2 giant cockroaches (D:2)
  9 goblins
  3 hobgoblins
  8 jackals
  3 quokkas
  4 bats
  4 kobolds
  2 rats
53 creatures vanquished.

Vanquished Creatures (collateral kills)
  A gnoll (D:2)
  A ball python (D:1)
  An endoplasm (D:1)
  3 goblins
  A hobgoblin (D:2)
  A kobold (D:1)
  A bat (D:1)
9 creatures vanquished.

Grand Total: 62 creatures vanquished

Notes
Turn   | Place    | Note
-------+----------+-------------------------------------------
     0 | D:1      | DocClef the Tengu Summoner began the quest for the Orb.
     0 | D:1      | Reached XP level 1. HP: 10/10 MP: 4/4
    13 | D:1      | Reached skill level 5 in Summonings
   329 | D:1      | Reached XP level 2. HP: 15/15 MP: 6/6
   841 | D:1      | Reached XP level 3. HP: 19/19 MP: 7/7
   849 | D:1      | Reached skill level 6 in Summonings
  1109 | D:2      | Learned a level 2 spell: Call Imp
  1529 | D:2      | Reached XP level 4. HP: 21/24 MP: 5/8
  1559 | D:2      | Reached skill level 7 in Summonings
  2151 | D:2      | Found an ancient bone altar of Kikubaaqudgha.
  2194 | D:2      | Identified the +2 helmet "Tyasap" {*Slow Will+ Str+2 Dex+4}
  2194 | D:2      | Noticed Robin
  2213 | D:2      | Killed Robin
  2214 | D:2      | Gained mutation: Your magical nature lets you fly swiftly
                  | and evasively. [Tengu growth]
  2214 | D:2      | Reached XP level 5. HP: 26/28 MP: 6/9
  2672 | D:2      | Gained mutation: Your flesh is heat resistant. (rF+)
                  | [potion of mutation]
  2672 | D:2      | Gained mutation: Your muscles are strong. (Str +4,
                  | Int/Dex-1) [potion of mutation]
  2757 | D:3      | Killed from afar by an orc priest

Illustrated notes

Levels and vault maps discovered:
D:1:      grunt_arrival_lava_bath, layout_basic
D:2:      layout_loops_ring, basic_altar, grunt_ministairs_5, uniq_robin
D:3:      layout_basic, lemuel_crystal_altar, overflow_temple_1_default,
          serial_corexii_hall, corexii_hall_statues_i,
          chequers_hall_statues_corner_a, nicolae_ecumenical_oubliette,
          feat_on_display

Skill      XL: |  1  2  3  4 |
---------------+-------------+-----
Summonings     | 5 6 7 |  7.7
Dodging        | |  2.1
Stealth        | |  2.0
Spellcasting   | |  2.0

Action                   |  1- 3 |  4- 6 || total
-------------------------+-------+-------++-------
Melee: Dagger            |    86 |    50 ||   136
       Unarmed           |     5 |       ||     5
       Kick              |    20 |    13 ||    33
       Peck              |    17 |     9 ||    26
       Punch             |     1 |       ||     1
 Cast: Summon Small Mamm |    11 |     6 ||    17
       Call Imp          |     2 |     6 ||     8
  Use: Potion            |       |     3 ||     3
       Scroll            |       |     2 ||     2
 Stab: Sleeping          |     1 |     6 ||     7
Armor: Robe              |    22 |     5 ||    27
Dodge: Dodged            |    71 |    27 ||    98

Table legend: (Time is in decaauts)
 A = Elapsed time spent in this place.
 B = Non-inter-level travel time spent in this place.
 C = Inter-level travel time spent in this place.
 D = Time resting spent in this place.
 E = Time spent auto-exploring this place.
 F = Levels seen in this place.
 G = Mean time per level.
                   A        B        C        D        E       F      G
               +--------+--------+--------+--------+--------+-----+--------+
         Total |   2722 |   2695 |     27 |    376 |   1862 |   3 |  907.3 |
       Dungeon |   2722 |   2695 |     27 |    376 |   1862 |   3 |  907.3 |
               +--------+--------+--------+--------+--------+-----+--------+

Top non-repeatable levels by time:
     D:2: 1612 daAuts
     D:1: 1050 daAuts
     D:3: 60 daAuts
